 Dungeon Crawl Stone Soup version 0.31-a0-986-g5e6e4ef867 (webtiles) character file.

Game seed: 7167890807605549888

17 timneilson the Ruffian (level 2, -1/18 HPs)
             Began as an Octopode Shapeshifter on Nov 12, 2023.
             Slain by Sigmund
             ... wielding a +0 scythe
              (10 damage)
             ... on level 2 of the Dungeon.
             The game lasted 00:01:19 (965 turns).

timneilson the Ruffian (Octopode Shapeshifter)       Turns: 965, Time: 00:01:20

Health: -1/18      AC:  1    Str: 13    XL:     2   Next: 62%
Magic:  2/2        EV: 13    Int: 12    God:
Gold:   32         SH:  0    Dex: 11    Spells: 1/1 levels left

rFire   . .          .
                       - Unarmed
rCold   . . .        (no shield)
rNeg    . . .        (helmet currently unavailable)
rPois   .            (no amulet)
rElec   .            (no ring)
rCorr   .            (no ring)
SInv    .            (no ring)
Will    .....        (no ring)
Stlth   ++           (no ring)
HPRegen 0.23/turn    (no ring)
MPRegen 0.08/turn    (no ring)
                     (no ring)

%: no passive effects
@: beast-form
A: beast (slay +1), almost no armour, amphibious, 8 rings, camouflage 1,
gelatinous body 1, (nimble swimmer 1), tentacles
a: Begin Untransformation


You were on level 2 of the Dungeon.
You were a hulking beast.
You visited 1 branch of the dungeon, and saw 2 of its levels.

You collected 32 gold pieces.

Inventory:

Talismans
 b - a beast talisman
 c - a flux talisman
Scrolls
 e - a scroll of revelation
Potions
 a - a potion of lignification
 d - a potion of might {unknown}
 f - 4 potions of mutation
 g - a potion of resistance {unknown}
 h - a potion of haste {unknown}
 j - 2 potions of attraction


   Skills:
 * Level 1.3 Fighting
 * Level 2.2 Dodging
 + Level 0.6 Stealth
 * Level 3.2 Unarmed Combat
 + Level 0.2 Spellcasting
 * Level 3.1 Shapeshifting


You had one spell level left.
You didn't know any spells.
Your spell library was empty.

Dungeon Overview and Level Annotations

Branches:
Dungeon (2/15)

Altars:

Shops:
D:1 !

Annotations:
D:2 Sigmund


Innate Abilities, Weirdness & Mutations

You are a hulking beast.
Your limbs bulge with bestial killing power. (Slay +1)
You cannot wear most types of armour.
You are amphibious.
You can wear up to eight rings at the same time.
Your skin changes colour to match your surroundings (Stealth+).
Your rubbery body absorbs attacks. (AC +1, EV +1)
((You are camouflaged when in or above water. (Stealth+)))
You have tentacles for arms and can constrict up to eight enemies at once.


Message History

You feel momentarily disoriented.
It was a scroll of revelation.
As you read the scroll labelled WAMEUL MURR, it crumbles to dust.
It is a scroll of identify.
f - 4 potions of mutation
As you read the scroll labelled AKKIUT ENI NAKITU, it crumbles to dust.
It is a scroll of enchant weapon.
You aren't carrying any weapons that can be enchanted.
As you read the scroll labelled LISIRUE VOEVUNN, it crumbles to dust.
You assume a fearsome visage.
Nothing appears to happen.
It was a scroll of fear.
As you read the scroll of identify, it crumbles to dust.
j - 2 potions of attraction
There is an open door here.
You see here a +0 dagger.
There is an escape hatch in the floor here.
There is a stone staircase leading down here.
You climb downwards.
Found 12 gold pieces.
There is a stone staircase leading up here.
Found a stone staircase leading down.
You now have 24 gold pieces (gained 12).
You now have 26 gold pieces (gained 2).
You now have 32 gold pieces (gained 6).
Sigmund the Dreaded comes into view.
He is wielding a +0 scythe.
Okay, then.
Sigmund shouts!
Sigmund closely misses you.
You tentacle-slap Sigmund but do no damage.
Your grab misses Sigmund. Sigmund hits you with a +0 scythe!
Ouch! That really hurt!
You tentacle-slap Sigmund. You grab Sigmund.
Sigmund is lightly wounded.
You constrict Sigmund. You bludgeon Sigmund!
Sigmund is heavily wounded.
You constrict Sigmund, but do no damage.
Sigmund hits you with a +0 scythe!
Ouch! That really hurt!
You die...
Sigmund begins carving another notch in his scythe.

#. .##. ## #.... .#
#.... .# #.##. .#
#.##.##.###
#.##..@...#
#.##..h.#
#.###.#.#.#.
#...........#
#.######.###.....###
#.....##..####.###
#<###.# .# #.# #.#
#. #.# #.# #.
#.#####.###.# ##


You could see Sigmund.

Vanquished Creatures
  A dart slug (D:1)
  A bat (D:1)
  An endoplasm (D:1)
  A giant cockroach (D:1)
  3 goblins (D:1)
  A hobgoblin (D:1)
  A ball python (D:1)
  2 kobolds (D:1)
  3 rats (D:1)
14 creatures vanquished.

Notes
Turn   | Place    | Note
-------+----------+-------------------------------------------
     0 | D:1      | timneilson the Octopode Shapeshifter began the quest for
                  | the Orb.
     0 | D:1      | Reached XP level 1. HP: 13/13 MP: 1/1
   166 | D:1      | Reached XP level 2. HP: 6/18 MP: 2/2
   516 | D:1      | Found Xasa's Distillery.
   960 | D:2      | Noticed Sigmund
   965 | D:2      | Slain by Sigmund

Illustrated notes

Levels and vault maps discovered:
D:1:      lightli_arrival_quake, layout_basic, serial_shops, shop,
          nicolae_houndstooth_variations
D:2:      layout_loops_ring, grunt_decor_resistance, uniq_sigmund, uniq_natasha

Action                     || total
---------------------------++-------
  Melee: Unarmed           ||    26
         Constrict         ||     7
         Tentacles         ||     5
    Use: Scroll            ||     5
   Stab: Sleeping          ||     2
 Armour: Skin              ||    14
  Dodge: Dodged            ||    13

Table legend: (Time is in decaauts)
 A = Elapsed time spent in this place.
 B = Non-inter-level travel time spent in this place.
 C = Inter-level travel time spent in this place.
 D = Time resting spent in this place.
 E = Time spent auto-exploring this place.
 F = Levels seen in this place.
 G = Mean time per level.
                   A        B        C        D        E       F      G
               +--------+--------+--------+--------+--------+-----+--------+
         Total |    963 |    913 |     50 |      0 |    803 |   2 |  481.5 |
       Dungeon |    963 |    913 |     50 |      0 |    803 |   2 |  481.5 |
               +--------+--------+--------+--------+--------+-----+--------+

Top non-repeatable levels by time:
     D:1: 924 daAuts
     D:2: 38 daAuts
